 Dungeon Crawl Stone Soup version 0.21-a0-203-gb066a6e (webtiles) character file.

3681 Helio the Covert (level 9, -9/43 HPs)
             Began as a Spriggan Enchanter on Aug 19, 2017.
             Mangled by a yak (11 damage)
             ... on level 9 of the Dungeon.
             The game lasted 00:22:06 (10463 turns).

Helio the Covert (Spriggan Enchanter)              Turns: 10463, Time: 00:22:06

Health: -9/43      AC:  4    Str:  6    XL:     9   Next: 90%
Magic:  22/22      EV: 21    Int: 17    God:
Gold:   363        SH:  0    Dex: 17    Spells: 12/24 levels left

rFire    . . .     SeeInvis +   e - +1 dagger (elec)
rCold    + . .     Gourm    .   (shield restricted)
rNeg     . . .     Faith    .   x - +2 robe {MR+}
rPois    .         Spirit   .   t - +0 hat
rElec    .         Reflect  .   (no cloak)
rCorr    .         Harm     .   (gloves unavailable)
MR       ++...                  (boots unavailable)
Stlth    +++++++...             (no amulet)
HPRegen  0.14/turn              f - ring of protection from cold
MPRegen  0.18/turn              q - ring of stealth

@: very quick
A: unfitting armour, see invisible, herbivore 3, speed 3, slow metabolism 2
a: no special abilities


You were on level 9 of the Dungeon.
You were not hungry.

You visited 2 branches of the dungeon, and saw 10 of its levels.

You collected 525 gold pieces.
You spent 162 gold pieces at shops.

Inventory:

Hand Weapons
 e - a +1 dagger of electrocution (weapon)
 i - a +2 dagger of speed
 B - a +0 short sword of electrocution
Armour
 t - a +0 hat (worn)
 x - a +2 robe of magic resistance (worn)
Jewellery
 c - an uncursed ring of ice
 f - a ring of protection from cold (left hand)
 q - a ring of stealth (right hand)
Wands
 h - a wand of confusion (27/48)
 m - a wand of iceblast (13/15)
 n - a wand of iceblast (15/15)
 s - a wand of random effects (33/48)
 y - a wand of flame (25/48)
Scrolls
 o - a scroll of fear
 A - 4 scrolls of remove curse
Potions
 j - 2 potions of agility
 k - 3 potions of might
 l - a potion of heal wounds {unknown}
 p - 2 potions of mutation {unknown}
 u - a potion of degeneration {unknown}
 w - 2 potions of ambrosia {unknown}
Comestibles
 d - 3 bread rations
 v - 2 royal jellies
 z - 2 fruits


   Skills:
 + Level 2.5 Fighting
 + Level 3.8 Short Blades
 + Level 5.7 Dodging
 + Level 13.9 Stealth
 + Level 8.0 Spellcasting
 * Level 9.0 Hexes


You had 12 spell levels left.
You knew the following spells:

 Your Spells              Type           Power        Failure   Level  Hunger
a - Ensorcelled Hibernat  Hex/Ice        ###...       2%          2    None
b - Corona                Hex            #####..      1%          1    None
c - Confuse               Hex            #####...     1%          3    #......
d - Tukima's Dance        Hex            #####...     1%          3    #......
e - Dazzling Spray        Conj/Hex       ###...       4%          3    #......


Dungeon Overview and Level Annotations

Branches:
Dungeon (9/15)             Temple (1/1) D:7            Lair (0/6) D:9
    Orc: D:9-12

Altars:
Ashenzari
Cheibriados
Dithmenos
Elyvilon
Fedhas
Gozag
Hepliaklqana
Kikubaaqudgha
Makhleb
Nemelex Xobeh
Okawaru
Qazlal
Ru
Sif Muna
Trog
Uskayaw
Vehumet
Wu Jian
Xom
Yredelemnul
Zin
The Shining One

Shops:
D:5 *   D:6 :   D:8 *


Innate Abilities, Weirdness & Mutations

You are very small and have problems with some larger weapons.
You are too small for most types of armour.
You have supernaturally acute eyesight. (SInv)
You are a herbivore.
You cover ground extremely quickly.
You need consume almost no food.


Message History

You kill the worker ant!
Your Hexes skill increases to level 9!
You start resting.
Magic restored.
You start resting.
HP restored.
You climb downwards.
The quasit barely misses you.
The quasit completely misses you. x2; The yak gores you!
The centaur shoots an arrow.
The arrow misses you. The quasit misses you. x2
The quasit closely misses you. The yak gores you! The yak closely misses you.
The yak gores you.
The centaur shoots an arrow.
The arrow hits you!
* * * LOW HITPOINT WARNING * * *
There is a stone staircase leading up, spattered with blood here.
Unknown command.
The quasit misses you. The quasit completely misses you.
The quasit barely misses you.
The centaur shoots an arrow.
The arrow barely misses you. The yak gores you.
* * * LOW HITPOINT WARNING * * *
The yak completely misses you. The yak gores you!
You die...

....[....#######
....<..........( .# ..
.........#######
#.#..# .........#
###..#r.. .........#
##(...Y.## .........#
##....Y..(. .........#
#....OY.# ####.#####
#.5(Y...### #.#
#..@Y...... #.#
##..Y....#. ##.#
#.......... #..#
#.>........#
#.########.........#..
##.#........##.....##
. #....# ##.c ##...##
#....# ... #####
#....# .#


You could see a two-headed ogre, 6 yaks, a centaur, a porcupine (wandering) and
a quasit.

Vanquished Creatures
  Erica (D:8)
  Prince Ribbit (D:5)
  A hippogriff (D:7)
  A hungry ghost (D:5)
  Menkaure (D:7)
  Edmund (D:6)
  A sky beast (D:5)
  An orc warrior (D:8)
  2 ice beasts (D:7)
  2 ogres
  The ghost of Cheet4h the Covered, an amateur GrFi of Okawaru (D:4)
  A big kobold (D:5)
  5 bullfrogs
  3 scorpions
  A howler monkey (D:6)
  3 crimson imps
  A jelly (D:7)
  A centaur zombie (D:8)
  4 hounds
  An orc priest (D:7)
  3 bullfrog skeletons
  A centaur skeleton (D:5)
  Ijyb (D:5)
  Terence (D:3)
  An iguana (D:5)
  5 orc wizards
  5 worker ants
  A hound zombie (D:5)
  A hound skeleton (D:6)
  A worker ant zombie (D:5)
  7 gnolls
  8 adders
  An adder zombie (D:6)
  3 oozes
  An adder skeleton (D:5)
  4 worms
  2 leopard geckos
  12 orcs
  9 bats
  12 giant cockroaches
  8 goblins
  3 hobgoblins
  16 jackals
  2 quokkas (D:5)
  A ball python (D:3)
  7 frilled lizards
  11 kobolds
  10 rats
170 creatures vanquished.

Vanquished Creatures (collateral kills)
  A gnoll sergeant (D:8)
  2 gnolls (D:8)
  2 orcs (D:6)
5 creatures vanquished.

Vanquished Creatures (others)
  A dancing weapon (D:8)
  2 fungi (D:9)
3 creatures vanquished.

Grand Total: 178 creatures vanquished

Notes
Turn   | Place    | Note
-------+----------+-------------------------------------------
     0 | D:1      | Helio the Spriggan Enchanter began the quest for the Orb.
     0 | D:1      | Reached XP level 1. HP: 9/9 MP: 5/5
   356 | D:2      | Reached XP level 2. HP: 13/13 MP: 7/7
   360 | D:2      | Learned a level 2 spell: Ensorcelled Hibernation
   411 | D:2      | Reached XP level 3. HP: 16/16 MP: 6/9
   416 | D:2      | Learned a level 3 spell: Confuse
   420 | D:2      | Learned a level 3 spell: Tukima's Dance
   915 | D:2      | Found an ancient bone altar of Kikubaaqudgha.
   918 | D:2      | Reached XP level 4. HP: 21/21 MP: 8/11
  1442 | D:1      | Reached skill level 5 in Hexes
  2158 | D:3      | Noticed Terence
  2189 | D:3      | Reached skill level 5 in Spellcasting
  2200 | D:3      | Killed Terence
  2200 | D:3      | Reached XP level 5. HP: 13/24 MP: 9/13
  2416 | D:3      | Found a burning altar of Makhleb.
  2671 | D:3      | Found an iron altar of Okawaru.
  2888 | D:4      | Noticed Cheet4h's ghost (amateur GrFi)
  2975 | D:4      | Learned a level 3 spell: Dazzling Spray
  3017 | D:4      | Reached XP level 6. HP: 24/28 MP: 13/16
  3256 | D:4      | Found a snail-covered altar of Cheibriados.
  3280 | D:4      | Found a sacrificial altar of Ru.
  3281 | D:4      | Found a burning altar of Makhleb.
  3788 | D:4      | Killed Cheet4h's ghost
  4058 | D:4      | Found an opulent altar of Gozag.
  4652 | D:4      | Reached skill level 5 in Stealth
  4735 | D:5      | Entered Level 5 of the Dungeon
  4743 | D:5      | Found an ornate altar of the Wu Jian Council.
  4752 | D:5      | Noticed Prince Ribbit
  4769 | D:5      | Killed Prince Ribbit
  4769 | D:5      | Reached skill level 8 in Stealth
  4769 | D:5      | Reached XP level 7. HP: 32/32 MP: 15/18
  4920 | D:5      | Found Okis Hytisk's General Store.
  4989 | D:5      | Noticed Ijyb
  5005 | D:5      | Reached skill level 9 in Stealth
  5010 | D:5      | Killed Ijyb
  5311 | D:5      | Reached skill level 10 in Stealth
  5350 | D:5      | Reached XP level 8. HP: 36/36 MP: 19/19
  5447 | D:5      | Reached skill level 11 in Stealth
  5734 | D:6      | Reached skill level 12 in Stealth
  6037 | D:6      | Reached skill level 13 in Stealth
  6240 | D:6      | Found Lausiunn's Book Boutique.
  6525 | D:6      | Noticed Edmund
  6529 | D:6      | Killed Edmund
  6918 | D:6      | Found a basalt altar of Yredelemnul.
  7250 | D:7      | Found a radiant altar of Vehumet.
  7255 | D:7      | Reached skill level 1 in Fighting
  7278 | D:7      | Reached XP level 9. HP: 24/41 MP: 15/20
  7716 | D:7      | Found a glowing silver altar of Zin.
  7716 | D:7      | Found a stormy altar of Qazlal.
  7720 | D:7      | Found a shadowy altar of Dithmenos.
  7831 | D:7      | Noticed Menkaure
  7832 | D:7      | You fall through a shaft for 2 floors!
  7837 | D:9      | Found a staircase to the Lair.
  8492 | D:7      | Found a staircase to the Ecumenical Temple.
  8510 | Temple   | Entered the Ecumenical Temple
  9128 | D:7      | Killed Menkaure
  9683 | D:8      | Reached skill level 5 in Dodging
  9772 | D:8      | Noticed Erica
  9791 | D:8      | Killed Erica
 10099 | D:8      | Found Wack's Assorted Antiques.
 10104 | D:8      | Bought a scroll labeled TODOHEXKA for 27 gold pieces
 10104 | D:8      | Bought a wooden ring for 135 gold pieces
 10435 | D:9      | Noticed a two-headed ogre
 10463 | D:9      | HP: 2/43 [yak (5)]
 10463 | D:9      | Mangled by a yak

Vault maps used:
D:1:      dpeg_arrival_prison, minmay_large_rounded_square
D:2:      marbit_many_paths, first_bread
D:3:      kennysheep_big_flooded_room, okawaru_trees_1,
          makhleb_heckhound_becter, uniq_terence
D:4:      overflow_temple_1_default, lemuel_doored_altar,
          gammafunk_temple_overflow_pools
D:5:      overflow_temple_1_default, serial_shops, shop_coins,
          uniq_prince_ribbit1, uniq_ijyb
D:6:      nicolae_overflow_crystal_walls, serial_shops, shop, uniq_edmund
D:7:      kennysheep_mini_moat, nicolae_overflow_hidden_temple, temple_hall,
          uniq_menkaure
D:8:      serial_shops, kennysheep_little_box, uniq_erica
D:9:      grunt_lair_entry_orc_guard_hut
Temple:   dpeg_chambers_temple

Skill      XL: |  1  2  3  4  5  6  7  8  9 |
---------------+----------------------------+-----
Spellcasting   | 3 4 5 6 7 8 |  8.0
Hexes          | 4 5 6 7 9 |  9.0
Stealth        | 8 10 13 | 13.9
Fighting       | 1 2 |  2.5
Dodging        | 5 |  5.7
Short Blades   | 3 |  3.8

Action                   |  1- 3 |  4- 6 |  7- 9 || total
-------------------------+-------+-------+-------++-------
Melee: Dagger            |    44 |   239 |   229 ||   512
 Cast: Corona            |     6 |       |     1 ||     7
       Ensorcelled Hiber |     6 |    15 |    14 ||    35
       Confuse           |       |     9 |    22 ||    31
       Tukima's Dance    |       |       |     8 ||     8
       Dazzling Spray    |       |       |    10 ||    10
  Use: Scroll            |     5 |     1 |     6 ||    12
       Potion            |       |       |     3 ||     3
 Stab: Sleeping          |    16 |    18 |    36 ||    70
       Confused          |       |     8 |     5 ||    13
       Distracted        |       |       |     1 ||     1
       Invisible         |       |       |     2 ||     2
  Eat: Fruit             |       |     3 |     3 ||     6
       Bread ration      |       |       |     1 ||     1
       Royal jelly       |       |       |     1 ||     1
Armor: Robe              |     3 |    19 |    12 ||    34
Dodge: Dodged            |    36 |   167 |   186 ||   389
